 Dungeon Crawl Stone Soup version 0.26.0-16-gc1dbca0489 (webtiles) character file.

Game seed: 3765235248401129723

1369 trckry the Jinx (level 8, -4/52 HPs)
             Began as a Vampire Enchanter on Jan 20, 2021.
             Slain by a wyvern (15 damage)
             ... on level 5 of the Dungeon.
             The game lasted 00:11:30 (4622 turns).

trckry the Jinx (Vampire Enchanter)                 Turns: 4622, Time: 00:11:31

Health: -4/52      AC:  4    Str:  9    XL:     8   Next: 38%
Magic:  3/11       EV: 12    Int: 17    God:
Gold:   189        SH:  0    Dex: 15    Spells: 5/11 levels left

rFire    . . .     SeeInvis +   a - +4 dagger (venom)
rCold    . . .     Faith    .   (no shield)
rNeg     . . .     Spirit   .   t - +0 leather armour (curse)
rPois    .         Reflect  .   (no helmet)
rElec    .         Harm     .   y - +0 cloak
rCorr    .         Rampage  .   (no gloves)
Will     .....                  (no boots)
Stlth    ++++......             (no amulet)
HPRegen  0.37/turn              (no ring)
MPRegen  0.12/turn              (no ring)

@: regenerating quickly
A: fangs 3, see invisible, unbreathing
a: Exsanguinate


You were on level 5 of the Dungeon.
You visited 1 branch of the dungeon, and saw 5 of its levels.
You also visited: Sewer.

You collected 189 gold pieces.

Inventory:

Hand Weapons
 a - a +4 dagger of venom (weapon)
 b - a +1 short sword of draining
 w - a +0 rapier
Missiles
 u - 32 poisoned darts (quivered)
Armour
 t - a cursed +0 leather armour (worn)
 y - a +0 cloak (worn)
Scrolls
 d - 3 scrolls of random uselessness {unknown}
 e - 2 scrolls of fog {unknown}
 f - 7 scrolls of identify {unknown}
 i - 2 scrolls of amnesia {unknown}
 l - a scroll of enchant armour {unknown}
 o - a scroll of magic mapping {unknown}
 r - 3 scrolls of teleportation {unknown}
 x - a scroll of remove curse {unknown}
Potions
 c - a potion of resistance {unknown}
 g - 4 potions of might {unknown}
 h - 5 potions of curing {unknown}
 j - 7 potions of heal wounds {unknown}
 k - a potion of haste {unknown}
 m - 2 potions of invisibility {unknown}
 n - 4 potions of ambrosia {unknown}
 p - a potion of mutation {unknown}
 q - a potion of degeneration {unknown}
 s - 5 potions of brilliance {unknown}
 v - a potion of attraction {unknown}
 z - a potion of cancellation {unknown}


   Skills:
 * Level 7.8 Short Blades
 - Level 2.1 Dodging
 + Level 9.0 Stealth
 - Level 2.0 Spellcasting
 + Level 9.1 Hexes


You had 5 spell levels left.
You knew the following spells:

 Your Spells              Type           Power        Failure   Level
a - Corona                Hex            35%          1%          1
b - Ensorcelled Hibernat  Hex/Ice        34%          6%          2
c - Confusing Touch       Hex            32%          1%          3

Your spell library contained the following spells:

 Spells                   Type           Power        Failure   Level
 Tukima's Dance           Hex            32%          1%          3
 Dazzling Flash           Conj/Hex       34%          13%         3


Dungeon Overview and Level Annotations

Branches:
Dungeon (5/15)              Sewer (visited)
 Temple: D:4-7

Altars:
Hepliaklqana
Kikubaaqudgha
Ru
Sif Muna
Trog
The Shining One


Innate Abilities, Weirdness & Mutations

Your natural rate of healing is unusually fast.
You have razor-sharp teeth.
You have supernaturally acute eyesight. (SInv)
You can survive without breathing.


Message History

You hit the wyvern but do no damage.
The wyvern looks as sick as possible!
The wyvern is lightly wounded.
The wyvern bites you.
The wyvern bites you but does no damage.
There is an open door here.
The wyvern misses you. The wyvern bites you!
* * * LOW HITPOINT WARNING * * *
There is an open door here.
You closely miss the wyvern. Your bite misses the wyvern.
The wyvern is heavily wounded.
The wyvern bites you.
* * * LOW HITPOINT WARNING * * *
You closely miss the wyvern.
The wyvern is severely wounded.
The wyvern completely misses you.
You hit the wyvern.
The wyvern looks as sick as possible!
The wyvern is severely wounded.
The wyvern bites you!
You die...

..#..............##
#.#######
.................#
#.......+
.#.^.#####.......#
########.## ......#
#...#######........#
......#
#...#.....'......###
......####...#.....#..##..#
.........#...#..#.(#..##..#
.........#...#.....#......#
.........#...#..@..#......#
....######...##l###########
#...# ######....#...'..#
#...# #....#.#.#..# #...#
#..†.')..#+## #####
#)...#####=# ###### ###


You could see a wyvern (extremely poisoned).

Vanquished Creatures
  Sigmund (D:2)
  Menkaure (D:5)
  An ice beast (D:5)
  A sky beast (D:5)
  2 ogres (D:5)
  A phantom (D:5)
  A big kobold (Sewer)
  2 scorpions
  A hound (D:5)
  An orc priest (D:4)
  2 orc wizards (D:5)
  An iguana (D:4)
  4 worker ants
  A gnoll (D:5)
  A howler monkey skeleton (D:4)
  6 adders
  3 oozes
  2 adder skeletons (D:5)
  5 worms
  5 dart slugs
  6 leopard geckos
  14 orcs
  3 ball pythons
  A bat zombie (D:4)
  5 giant cockroaches
  8 goblins
  6 hobgoblins
  11 jackals
  2 quokkas (D:4)
  9 bats
  2 frilled lizards
  A jackal skeleton (D:4)
  A jackal zombie (D:5)
  19 kobolds
  A leopard gecko skeleton (D:4)
  12 rats
  2 rat zombies (D:4)
145 creatures vanquished.

Vanquished Creatures (others)
  3 plants (Sewer)
3 creatures vanquished.

Grand Total: 148 creatures vanquished

Notes
Turn   | Place    | Note
-------+----------+-------------------------------------------
     0 | D:1      | trckry the Vampire Enchanter began the quest for the Orb.
     0 | D:1      | Reached XP level 1. HP: 13/13 MP: 3/3
   171 | D:1      | Reached XP level 2. HP: 19/19 MP: 5/5
   333 | D:1      | Reached skill level 5 in Hexes
   497 | D:1      | Learned a level 2 spell: Ensorcelled Hibernation
   518 | D:2      | Reached XP level 3. HP: 20/24 MP: 6/6
   689 | D:2      | Reached skill level 5 in Stealth
   771 | D:2      | Found a bloodstained altar of Trog.
   854 | D:2      | Noticed Sigmund
   863 | D:2      | Killed Sigmund
   864 | D:2      | Reached XP level 4. HP: 8/30 MP: 4/7
   864 | D:2      | Reached XP level 5. HP: 9/35 MP: 4/8
  1569 | D:2      | Found a shimmering blue altar of Sif Muna.
  1574 | D:2      | Found a glowing golden altar of the Shining One.
  1577 | D:2      | Found a hazy altar of Hepliaklqana.
  1785 | D:3      | Reached XP level 6. HP: 37/41 MP: 9/9
  1791 | D:3      | Found a glowing drain.
  1798 | Sewer    | Entered a sewer
  2613 | D:4      | Reached skill level 5 in Short Blades
  3192 | D:4      | Reached XP level 7. HP: 36/46 MP: 10/10
  3363 | D:4      | Found an ancient bone altar of Kikubaaqudgha.
  3627 | D:5      | Entered Level 5 of the Dungeon
  3660 | D:5      | Noticed Menkaure
  3725 | D:4      | Learned a level 3 spell: Confusing Touch
  3864 | D:5      | Killed Menkaure
  3965 | D:5      | HP: 3/46 [ogre/+0 giant spiked club (16)]
  4438 | D:5      | Found a sacrificial altar of Ru.
  4521 | D:5      | Noticed a wyvern
  4527 | D:5      | Reached XP level 8. HP: 52/52 MP: 11/11
  4622 | D:5      | Slain by a wyvern

Illustrated notes

Levels and vault maps discovered:
D:1:      dpeg_arrival_triangle_fractal, layout_rooms
D:2:      layout_basic, minmay_overflow_temple_star_quad, trog_butcher_becter,
          uniq_sigmund
D:3:      layout_loops_ring, gup_sewer_entry_bowl,
          hangedman_abyss_or_decor_lesser_grid
D:4:      layout_basic, lemuel_zombie_altar_kikubaaqudgha, corexii_checkpoint_b
D:5:      minmay_clustersquares, layout_basic,
          nicolae_ru_great_annihilating_truth, uniq_menkaure

Skill      XL: |  1  2  3  4  5  6  7  8 |
---------------+-------------------------+-----
Short Blades   | 2 4 5 7 |  7.8
Hexes          | 5 6 7 8 9 |  9.1
Stealth        | 5 6 7 8 9 |  9.0
Dodging        | |  2.1
Spellcasting   | |  2.0

Action                   |  1- 3 |  4- 6 |  7- 9 || total
-------------------------+-------+-------+-------++-------
Melee: Dagger            |    49 |   136 |   115 ||   300
       Bite              |     6 |    21 |     9 ||    36
       Short sword       |    44 |    17 |    11 ||    72
Throw: Dart              |       |     1 |     1 ||     2
 Cast: Ensorcelled Hiber |     1 |       |     9 ||    10
       Confusing Touch   |       |       |     2 ||     2
 Stab: Sleeping          |    12 |    16 |    17 ||    45
       Distracted        |     1 |       |       ||     1
       Confused          |       |       |     1 ||     1
Armor: Robe              |     8 |       |       ||     8
       Leather armour    |       |    13 |    18 ||    31
Dodge: Dodged            |    41 |    63 |    50 ||   154
